 Dungeon Crawl Stone Soup version 0.30-a0-330-g8f2769a82d (webtiles) character file.

Game seed: 18347100293100276771

7909 EdirashGloemor the Nimble (level 11, -15/89 HPs)
             Began as a Djinni Fire Elementalist on Oct 23, 2022.
             Was an Elder of Ashenzari.
             Engulfed by an ice statue's freezing vapour (33 damage)
             ... on level 9 of the Dungeon on Oct 29, 2022.
             The game lasted 01:04:26 (10445 turns).

EdirashGloemor the Nimble (DjFE)                   Turns: 10445, Time: 01:04:27

Health: -15/89     AC: 12    Str:  7    XL:     11   Next: 46%
Gold:   293        EV: 18    Int: 21    God:    Ashenzari [****..] SH:  0 Dex: 14

rFire   + + +      SeeInvis +    e - +4 quarterstaff of the Eternal God {chaos, Range, Fort} (curse)
rCold   x x .      Faith    .    (shield currently unavailable)
rNeg    . . .      Spirit   .    A - +2 robe "Oblivion of Ashenzari" {Will+, Self, Melee} (curse)
rPois   ∞          Reflect  .    w - +2 helmet "Per Aspera Ad Scientiam" {Self, Cun} (curse)
rElec   .          Harm     .    x - +2 cloak of Ashenzari's Apathy {Cun, Melee} (curse)
rCorr   .          Rampage  .    B - +1 pair of gloves of the Shackled Idealism {Self, Evo} (curse)
Will    ++...      Clarity  +    (boots unavailable)
Stlth   +++.......               (no amulet)
HPRegen 0.34/turn                r - ring of fire {rF+, rC-}
MPRegen 0.00/turn                (no ring)

@: flying
A: sickness immunity, fire resistance 2, cold vulnerability 1, float, innate
caster, HP casting, extra vitality 1
a: Renounce Religion, Curse Item, Shatter the Chains


You were on level 9 of the Dungeon.
You worshipped Ashenzari.
Ashenzari was greatly pleased with you.
You visited 2 branches of the dungeon, and saw 10 of its levels.

You collected 446 gold pieces.
You spent 153 gold pieces at shops.


Innate Abilities, Weirdness & Mutations

You are immune to sickness and miasma.
You are immune to poison.
Your flesh is very heat resistant. (rF++)
You are vulnerable to cold. (rC-)
You float through the air rather than walking.
You learn spells naturally, not from books.
Your magical power is your life essence.
You have superior vitality. (+4 MHP)


   Skills:
 + Level 7.8(11.7) Fighting
 + Level 7.2(10.2) Staves
 + Level 9.9(12.9) Dodging
 - Level 4.2(6.9) Stealth
 + Level 6.9(10.8) Spellcasting


You had 5 spell levels left.
You knew the following spells:

 Your Spells              Type           Power      Damage    Failure   Level
a - Passwall              Tmut/Erth      45%        N/A       1%          2
c - Call Imp              Summ           54%        N/A       1%          2
f - Inner Flame           Hex/Fire       71%        N/A       1%          3
g - Freezing Cloud        Conj/Ice/Air   27%        6-21      1%          5
p - Frozen Ramparts       Ice            100%       1d16      1%          3
r - Freeze                Ice            100%       1d10      1%          1
s - Scorch                Fire           100%       2d10      1%          2
w - Flame Wave            Conj/Fire      71%        2d16      1%          4
z - Foxfire               Conj/Fire      100%       2x1d9     1%          1
X - Kindle Blastsparks    Fire/Tloc/Air  100%       2d18      1%          3
Your spell library was empty.

Inventory:

Hand Weapons
 e - the cursed +4 quarterstaff of the Eternal God (weapon) {chaos, Range, Fort}
   (You took it off Crazy Yiuf on level 2 of the Dungeon)

   Each time it hits an enemy it has a different, random effect.
   It has a curse which improves the following skills: Ranged Combat: Ranged
   Weapons and Throwing.
   Fortitude: Armour and Shields.
 m - a +0 dagger of protection
Missiles
 f - 4 throwing nets {!f}
 D - 4 boomerangs
 G - 5 javelins
 Q - 64 stones (quivered)
Armour
 w - the cursed +2 helmet "Per Aspera Ad Scientiam" (worn) {Self, Cun}
   (You took it off Robin on level 3 of the Dungeon)

   It has a curse which improves the following skills: Introspection: Fighting
   and Spellcasting.
   Cunning:   Dodging and Stealth.
 x - the cursed +2 cloak of Ashenzari's Apathy (worn) {Cun, Melee}
   (You took it off Crazy Yiuf on level 2 of the Dungeon)

   It has a curse which improves the following skills: Cunning: Dodging and
   Stealth.
   Melee Combat: Short Blades, Long Blades, Axes, Maces & Flails, Polearms,
   Staves and Unarmed Combat.
 A - the cursed +2 robe "Oblivion of Ashenzari" (worn) {Will+, Self, Melee}
   (You took it off Dowan on level 4 of the Dungeon)

   It has a curse which improves the following skills: Introspection: Fighting
   and Spellcasting.
   Melee Combat: Short Blades, Long Blades, Axes, Maces & Flails, Polearms,
   Staves and Unarmed Combat.
 B - the cursed +1 pair of gloves of the Shackled Idealism (worn) {Self, Evo}
   (You found it on level 4 of the Dungeon)

   It has a curse which improves the following skills: Introspection: Fighting
   and Spellcasting.
   Evocations: Evocations.
Jewellery
 r - a ring of fire (left hand) {rF+, rC-}
Wands
 a - a wand of quicksilver (11)
 k - a wand of paralysis (17)
 y - a wand of flame (16)
Scrolls
 b - 4 scrolls of immolation {!r}
 g - 4 scrolls of fear {!r}
 i - a scroll of enchant weapon
 t - 5 scrolls of teleportation
 v - 2 scrolls of vulnerability {!r!r}
 z - 2 scrolls of fog
 C - 3 scrolls of poison
 E - 2 scrolls of summoning {!r}
 F - a scroll of silence {!r}
 H - 2 scrolls of magic mapping {!r}
Potions
 c - 2 potions of cancellation {!q}
 d - 3 potions of might {!q}
 h - 3 potions of haste {!q}
 j - 4 potions of lignification {!q!q}
 n - 2 potions of resistance {!q}
 o - a potion of invisibility {!q}
 p - a potion of berserk rage {!q}
 q - 5 potions of curing {@q2}
 s - 3 potions of attraction {!q}
 u - 4 potions of mutation {!q!q}

Dungeon Overview and Level Annotations

Branches:
Dungeon (9/15) Zot: 26186  Temple (1/1) D:4 Zot: 5797    Lair (0/5) D:8
    Orc: D:9-12

Altars:
Ashenzari
Cheibriados
Dithmenos
Elyvilon
Fedhas
Gozag
Hepliaklqana
Makhleb
Nemelex Xobeh
Okawaru
Qazlal
Ru
Trog
Wu Jian
Xom
Yredelemnul
Zin
The Shining One

Shops:
D:8 [

Annotations:
D:9 3 runed translucent doors, exclusion: ice statue, mn3067's ghost, novice DrBe

,,,, ,* , **,, # * *
#.#.....##.#,* *########
...........#, , ........
*
...........#############
*****
...........#............
, , , ,
...........#.###########
** *, ....[......#.# ,
*, ,....8..☼...#.# * ***
.....☼☼@○..#.# , ,
,.....°.○☼..#.## * * *
......○..°°...# , *,*
........○°##### * ,
.......°..# , ,
....####### ** **#### ,,


You could see an ice statue (combustible).


Message History

You are engulfed in freezing vapours.
You take 27 damage, and have 48/89 hp.
MASSIVE DAMAGE!!
You feel a surge of power!
You conjure some foxfire!
The ice statue gestures at you.
The freezing blast engulfs your foxfire!
You take 1 damage, and have 47/89 hp.
You can't see any susceptible monsters within range! (Use Z to cast anyway.) Unknown command.
You are engulfed in freezing vapours.
* * * LOW HITPOINT WARNING * * *
Your foxfire is engulfed in freezing vapours. x4
The foxfire hits the ice statue!
The ice statue melts!
Your foxfire is engulfed in freezing vapours.
The foxfire hits the ice statue but does no damage.
You take 11 damage, and have 36/89 hp.
You feel a surge of power!
Flames lash the ice statue.
The ice statue melts!
The ice statue's fire resistance burns away.
* * * LOW HITPOINT WARNING * * *
You are engulfed in freezing vapours.
* * * LOW HITPOINT WARNING * * *
The ice statue gestures at you. The bolt of cold hits you!!
You feel a terrible chill!
* * * LOW HITPOINT WARNING * * *
You take 34 damage, and have 2/89 hp.
MASSIVE DAMAGE!!
Really quaff
l - a potion of heal wounds {!q@q1}?
You feel much better.
You are engulfed in freezing vapours.
You die...

Skill      XL: |  1  2  3  4  5  6  7  8  9 10 11 |
---------------+----------------------------------+-----
Dodging        | 3 4 5 6 8 9 |  9.9
Stealth        | 2 3 4 |  4.2
Spellcasting   | 3 4 5 6 |  6.9
Staves         | 1 2 3 5 6 7 |  7.2
Fighting       | 1 2 3 5 7 |  7.8

Action                   |  1- 3 |  4- 6 |  7- 9 | 10-12 || total
-------------------------+-------+-------+-------+-------++-------
Melee: Dagger            |    11 |    18 |       |       ||    29
       Quarterstaff      |       |     1 |    28 |    38 ||    67
 Cast: Foxfire           |    41 |    64 |    88 |    68 ||   261
       Scorch            |     9 |    23 |    76 |    84 ||   192
       Kindle Blastspark |     1 |     1 |     7 |    12 ||    21
       Call Imp          |       |     5 |     7 |     1 ||    13
       Freeze            |       |       |     3 |     1 ||     4
       Frozen Ramparts   |       |       |     1 |     1 ||     2
       Flame Wave        |       |       |       |     6 ||     6
Invok: Curse Item        |       |       |     3 |     2 ||     5
  Use: Scroll            |       |     7 |     5 |     3 ||    15
       Potion            |       |       |       |     2 ||     2
 Stab: Sleeping          |     1 |     1 |       |       ||     2
Armor: Robe              |     7 |    17 |    35 |    28 ||    87
       Skin              |       |       |     1 |       ||     1
Dodge: Dodged            |    24 |    39 |    78 |    97 ||   238

Levels and vault maps discovered:
D:1:      nicolae_arrival_somewhat_less_tricky_arrival, layout_basic,
          minmay_circled_x
D:2:      layout_loops_ring, minmay_tripent, uniq_robin,
          uniq_crazy_yiuf_cottage, uniq_jessica
D:3:      layout_rooms, grunt_temple_overflow_open, serial_shops,
          nicolae_shop_trees, minmay_rat_hole
D:4:      layout_layer_cave, minmay_temple_entry_junction,
          minmay_divided_ellipse, uniq_duvessa, uniq_blork_the_orc
D:5:      black_bear_nest_2, layout_basic
D:6:      layout_basic
D:7:      layout_rooms, mainiacjoe_overflow_six_doors_small, minivault_10,
          mrwooster_statue_mirror
D:8:      layout_loops_ring, mainiacjoe_overflow_tiny_flanked, lair_entry_dummy,
          kennysheep_windowed_goal
D:9:      layout_basic, gammafunk_ghost_necromancy, minivault_16
Temple:   minmay_crystal_spiral_temple

Notes
Turn   | Place    | Note
-------+----------+-------------------------------------------
     0 | D:1      | EdirashGloemor the Djinni Fire Elementalist began the quest
                  | for the Orb.
     0 | D:1      | EdirashGloemor set off with the following spells memorised:
                  | Foxfire, Scorch, Kindle Blastsparks, Inner Flame, Flame
                  | Wave.
     0 | D:1      | Reached XP level 1. HP: 15/15 MP: 0/0
     0 | D:1      | Upgraded the game from 0.30-a0-305-g026cb31310 to
                  | 0.30-a0-330-g8f2769a82d
   242 | D:1      | Reached XP level 2. HP: 21/21 MP: 0/0
   539 | D:1      | Reached skill level 3 in Dodging
   555 | D:1      | Reached skill level 2 in Stealth
   555 | D:1      | Reached XP level 3. HP: 25/25 MP: 0/0
   555 | D:1      | Learned a level 1 spell: Freeze
  1351 | D:2      | Noticed Jessica
  1365 | D:2      | Killed Jessica
  1366 | D:2      | Reached XP level 4. HP: 28/31 MP: 0/0
  1557 | D:2      | Noticed Robin
  1561 | D:2      | Reached skill level 4 in Dodging
  1582 | D:2      | Reached XP level 5. HP: 25/35 MP: 0/0
  1582 | D:2      | Learned a level 2 spell: Call Imp
  1675 | D:2      | Identified 3 scrolls of immolation
  1676 | D:2      | Identified 2 scrolls of teleportation
  1677 | D:2      | Identified a scroll of poison
  1786 | D:2      | Identified a scroll of enchant armour
  1859 | D:2      | Found a runed translucent door.
  1860 | D:2      | Noticed Crazy Yiuf
  2163 | D:2      | Reached skill level 3 in Spellcasting
  2254 | D:2      | HP: 5/35 [Crazy Yiuf/+4 quarterstaff of chaos (8)]
  2300 | D:1      | Identified a scroll of blinking
  2440 | D:2      | Killed Crazy Yiuf
  2551 | D:3      | Identified a ring of fire
  2783 | D:3      | Found a sparkling altar of Nemelex Xobeh.
  2788 | D:3      | Found a glowing silver altar of Zin.
  2800 | D:3      | Killed Robin
  2801 | D:3      | Reached XP level 6. HP: 38/40 MP: 0/0
  2844 | D:3      | Found Ziplaaps's Assorted Antiques.
  3047 | D:3      | Identified 2 scrolls of identify
  3047 | D:3      | Identified 4 potions of curing
  3048 | D:3      | Identified 3 potions of mutation
  3204 | D:4      | Noticed Blork the orc
  3209 | D:4      | Killed Blork the orc
  3210 | D:4      | Reached skill level 1 in Staves
  3215 | D:4      | Reached skill level 1 in Fighting
  3215 | D:4      | Reached skill level 3 in Stealth
  3221 | D:4      | Noticed Duvessa
  3231 | D:4      | Noticed Dowan
  3453 | D:4      | Noticed a black bear
  3458 | D:4      | Killed a black bear
  3459 | D:4      | Reached skill level 5 in Dodging
  3459 | D:4      | Reached XP level 7. HP: 42/47 MP: 0/0
  3459 | D:4      | Learned a level 2 spell: Passwall
  3541 | D:4      | Killed Dowan
  3654 | D:4      | HP: 11/47 [Duvessa/+0 short sword (6)]
  3655 | D:4      | Killed Duvessa
  3656 | D:4      | Reached skill level 2 in Fighting
  3656 | D:4      | Reached skill level 2 in Staves
  3839 | D:4      | Found a staircase to the Ecumenical Temple.
  3860 | Temple   | Entered the Ecumenical Temple
  3997 | Temple   | Became a worshipper of Ashenzari the Shackled
  4251 | D:4      | Identified 2 potions of lignification
  4699 | D:4      | Identified 2 potions of degeneration
  4799 | D:4      | Reached XP level 8. HP: 51/55 MP: 0/0
  4884 | D:4      | Reached skill level 4 in Spellcasting
  4886 | D:4      | Reached skill level 4 in Stealth
  5105 | D:4      | Reached skill level 3 in Fighting
  5122 | D:4      | Identified 2 potions of might
  5165 | D:4      | Reached skill level 3 in Staves
  5165 | D:4      | Reached skill level 6 in Dodging
  5224 | D:5      | Entered Level 5 of the Dungeon
  5310 | D:5      | Identified the +1 ring mail of Depression {Drain rN+ rCorr
                  | Slay+2}
  5512 | D:5      | Reached * piety under Ashenzari
  5512 | D:5      | Identified a scroll of noise
  5512 | D:5      | Identified a potion of attraction
  5512 | D:5      | Identified a scroll of amnesia
  5512 | D:5      | Identified a potion of resistance
  5512 | D:5      | Identified a potion of flight
  5512 | D:5      | Identified a potion of magic
  5512 | D:5      | Identified a potion of berserk rage
  5512 | D:5      | Identified a scroll of vulnerability
  5512 | D:5      | Identified a potion of heal wounds
  5512 | D:5      | Identified 2 scrolls of fog
  5731 | D:5      | HP: 10/58 [centaur/arrow (7)]
  5968 | D:5      | Identified a ring of magical power
  6085 | D:5      | Reached XP level 9. HP: 61/63 MP: 0/0
  6085 | D:5      | Learned a level 3 spell: Frozen Ramparts
  6581 | D:6      | Reached skill level 4 in Fighting
  6628 | D:6      | Reached ** piety under Ashenzari
  6714 | D:6      | Reached skill level 4 in Staves
  6717 | D:6      | Identified a potion of cancellation
  6745 | D:6      | Identified 2 potions of haste
  6897 | D:6      | Reached skill level 7 in Dodging
  7035 | D:7      | Identified a potion of invisibility
  7234 | D:7      | Identified a scroll of summoning
  7271 | D:7      | Noticed a two-headed ogre
  7283 | D:7      | Killed a two-headed ogre
  7284 | D:7      | Reached skill level 5 in Fighting
  7284 | D:7      | Reached skill level 5 in Spellcasting
  7526 | D:7      | Noticed a two-headed ogre
  7538 | D:7      | HP: 15/68 [two-headed ogre/+0 giant spiked club (15)]
  7539 | D:7      | Killed a two-headed ogre
  7540 | D:7      | Reached skill level 5 in Staves
  7540 | D:7      | Reached skill level 8 in Dodging
  7540 | D:7      | Reached XP level 10. HP: 15/76 MP: 0/0
  7773 | D:7      | Reached skill level 6 in Fighting
  7863 | D:7      | Identified a scroll of silence
  7943 | D:7      | Identified a scroll of magic mapping
  8400 | D:8      | Identified a scroll of enchant weapon
  8431 | D:8      | Reached skill level 6 in Spellcasting
  8543 | D:8      | Reached skill level 6 in Staves
  8904 | D:8      | Noticed a manticore
  8906 | D:8      | a spriggan changed into a komodo dragon
  8906 | D:8      | Noticed a komodo dragon (shapeshifter)
  8907 | D:8      | a manticore changed into an orb spider
  8907 | D:8      | Noticed an orb spider (shapeshifter)
  8911 | D:8      | Killed an orb spider
  8912 | D:8      | Reached skill level 9 in Dodging
  9138 | D:8      | Found a burning altar of Makhleb.
  9141 | D:8      | Found a staircase to the Lair.
  9179 | D:8      | Found Lyroor's Antique Armour Shoppe.
  9179 | D:8      | Noticed a two-headed ogre
  9190 | D:8      | Reached skill level 7 in Fighting
  9190 | D:8      | Reached XP level 11. HP: 66/84 MP: 0/0
  9190 | D:8      | Learned a level 5 spell: Freezing Cloud
  9406 | D:8      | Killed a two-headed ogre
  9433 | D:8      | Noticed an orb spider
  9443 | D:8      | Killed an orb spider
  9586 | D:8      | Bought a bloodstained robe for 153 gold pieces
  9586 | D:8      | Identified the +1 robe "Raeckaku" {Rampage Drain rPois
                  | Dex-5} (You bought it in a shop on level 8 of the Dungeon)
  9587 | D:8      | Reached *** piety under Ashenzari
  9637 | D:9      | Identified a scroll of fear
  9657 | D:9      | Reached skill level 7 in Staves
  9669 | D:9      | HP: 19/85 [jumping spider (shapeshifter) (4)]
 10052 | D:9      | Reached **** piety under Ashenzari
 10258 | D:9      | Found a runed translucent gate.
 10258 | D:9      | Found a runed translucent gate.
 10259 | D:9      | Found a runed translucent gate.
 10264 | D:9      | Noticed mn3067's ghost (novice DrBe)
 10444 | D:9      | HP: 21/89 [ice statue] (13)]
 10444 | D:9      | HP: 2/89 [ice statue/bolt of cold (19)]
 10445 | D:9      | Engulfed by an ice statue's freezing vapour

Vanquished Creatures
  3 two-headed ogres
  2 orb spiders (shapeshifter) (D:8)
  A komodo dragon (D:9)
  A hornet (D:9)
  A jumping spider (shapeshifter) (D:9)
  A wyvern (D:9)
  A yak (D:8)
  2 water moccasins
  Duvessa (D:4)
  An orc warrior (D:9)
  A sky beast (D:7)
  7 black bears
  An ogre (D:7)
  A centaur (D:5)
  A phantom (D:7)
  Blork the orc (D:4)
  2 bullfrogs (D:7)
  4 necrophages
  2 scorpions (D:4)
  15 wights
  Dowan (D:4)
  10 killer bees
  3 howler monkeys
  4 jellies
  A gnoll bouda (D:8)
  An orc priest (D:4)
  Crazy Yiuf (D:2)
  4 hounds
  An iguana (D:5)
  Jessica (D:2)
  7 orc wizards
  Robin (D:3)
  6 adders
  12 gnolls
  A shadow imp (D:7)
  A white imp (D:6)
  3 ufetubi
  A worm (D:4)
  5 dart slugs
  37 orcs
  3 endoplasms
  5 giant cockroaches
  13 goblins
  10 hobgoblins
  4 quokkas
  8 ball pythons
  8 bats
  5 frilled lizards
  9 kobolds
  29 rats
244 creatures vanquished.

Vanquished Creatures (collateral kills)
  An orc priest (D:6)
  A hound (D:4)
  A giant cockroach (D:2)
  A goblin (D:2)
  A hobgoblin (D:2)
5 creatures vanquished.

Vanquished Creatures (others)
  A kobold zombie (D:4)
  405 foxfires
406 creatures vanquished.

Grand Total: 655 creatures vanquished

Table legend: (Time is in decaauts)
 A = Elapsed time spent in this place.
 B = Non-inter-level travel time spent in this place.
 C = Inter-level travel time spent in this place.
 D = Time resting spent in this place.
 E = Time spent auto-exploring this place.
 F = Levels seen in this place.
 G = Mean time per level.
                   A        B        C        D        E       F      G
               +--------+--------+--------+--------+--------+-----+--------+
         Total |  10431 |   9988 |    443 |   2719 |   5201 |  10 | 1043.1 |
       Dungeon |  10229 |   9850 |    379 |   2719 |   5201 |   9 | 1136.6 |
        Temple |    202 |    138 |     64 |      0 |      0 |   1 |  202.0 |
               +--------+--------+--------+--------+--------+-----+--------+

Top non-repeatable levels by time:
     D:4: 1745 daAuts
     D:8: 1549 daAuts
     D:1: 1394 daAuts
     D:7: 1241 daAuts
     D:5: 1142 daAuts
     D:2: 1135 daAuts
     D:3: 737 daAuts
     D:6: 668 daAuts
     D:9: 614 daAuts
  Temple: 202 daAuts

Table legend:
 A = Kills in this place as a percentage of kills in entire the game.
 B = Kills by you in this place as a percentage of kills by you in the entire game.
 C = Kills by friends in this place as a percentage of kills by friends in the entire game.
 D = Other kills in this place as a percentage of other kills in the entire game.
 E = Experience gained in this place as a percentage of experience gained in the entire game.
 F = Experience gained in this place divided by the number of levels of this place that you have seen.
                   A       B       C       D       E      F
               +-------+-------+-------+-------+-------+----------------------
         Total | 100.0 | 100.0 | 100.0 |   N/A | 100.0 | 1129.9
       Dungeon | 100.0 | 100.0 | 100.0 |   N/A | 100.0 | 1255.4
               +-------+-------+-------+-------+-------+----------------------

Table legend:
 A = Non-vault XP
 B = Vault XP
 C = Vault XP percentage of total XP
 D = Non-vault monster count
 E = Vault monster count
 F = Vault count percentage of total count
                 A         B        C        D         E       F
            +---------+---------+-------+---------+---------+-------
      Total |    8994 |    2305 |  20.4 |     191 |      58 |  23.3
            +---------+---------+-------+---------+---------+-------
        D:1 |      48 |       9 |  15.8 |      30 |       4 |  11.8
        D:2 |      46 |     101 |  68.7 |      13 |      14 |  51.9
        D:3 |      69 |      35 |  33.7 |      15 |      20 |  57.1
        D:4 |     377 |     910 |  70.7 |      23 |      16 |  41.0
        D:5 |     280 |     128 |  31.4 |       8 |       1 |  11.1
        D:6 |     569 |       0 |   0.0 |      25 |       0 |   0.0
        D:7 |    3113 |       0 |   0.0 |      28 |       0 |   0.0
        D:8 |    2802 |    1122 |  28.6 |      36 |       3 |   7.7
        D:9 |    1690 |       0 |   0.0 |      13 |       0 |   0.0
            +---------+---------+-------+---------+---------+-------
